 Dungeon Sprint DCSS version 0.17-a0-1210-g1e4f09d (webtiles) character file.

256 Kidiri the Covered (level 6, -27/41 HPs)
             Began as a Gargoyle Fighter on June 4, 2015.
             Was an Initiate of Okawaru.
             Annihilated by a hill giant
             ... wielding a +0 giant club
              (33 damage)
             ... in the Dungeon (Sprint IX: "|||||||||||||||||||||||||||||").
             The game lasted 00:02:05 (461 turns).

Kidiri the Covered (Gargoyle Fighter)                Turns: 461, Time: 00:02:05

Health: -27/41     AC: 15    Str: 28    XL:     6   Next: 16%
Magic:  6/6        EV: 10    Int:  8    God:    Okawaru [......]
Gold:   0          SH: 11    Dex:  9    Spells: 0 memorised, 5 levels left

rFire  . . .     SeeInvis .     a - +0 flail
rCold  . . .     Clarity  .     q - +2 ring mail
rNeg   + . .     SustAt   .     c - +0 shield
rPois  ∞         Gourm    .     p - +0 helmet
rElec  +         Spirit   .     (no cloak)
rCorr  .         Warding  .     o - +0 pair of gloves
rMut   .         NoTele   +     (no boots)
MR     .....                    (no amulet)
Stlth  ..........               s - +3 ring of strength
                                r - +3 ring of strength

@: not resistant to hostile enchantments, extremely unstealthy
A: negative energy resistance 1, electricity resistance, unbreathing,
petrification resistance, rot immunity, AC +4
a: Renounce Religion


You were in the Dungeon.
You worshipped Okawaru.
Okawaru was noncommittal.
You were not hungry.

You visited 1 branch

Inventory:

Hand weapons
 a - a +0 flail (weapon)
Armour
 b - a +0 scale mail
 c - a +0 shield (worn)
 o - a +0 pair of gloves (worn)
 p - a +0 helmet (worn)
 q - a +2 ring mail (worn)
Jewellery
 r - a +3 ring of strength (left hand)
 s - a +3 ring of strength (right hand)
Magical devices
 n - a wand of fire (7)
Scrolls
 k - 2 scrolls of blinking
 l - 3 scrolls of remove curse
 m - 2 scrolls of amnesia
Potions
 d - a potion of invisibility
 f - 5 potions of curing
 g - 3 potions of heal wounds
 h - a potion of haste
 i - 4 potions of magic
 j - a potion of berserk rage
Comestibles
 e - a bread ration


   Skills:
 + Level 5.9 Fighting
 + Level 5.1 Maces & Flails
 * Level 7.9 Armour
 + Level 3.6 Dodging
 * Level 7.9 Shields


You had 5 spell levels left.
You didn't know any spells.

Dungeon Overview and Level Annotations

Branches:
Dungeon (1/1)

Altars:
Cheibriados
Dithmenos
Elyvilon
Fedhas
Gozag
Kikubaaqudgha
Makhleb
Nemelex Xobeh
Okawaru
Qazlal
Ru
Sif Muna
Trog
Vehumet
Xom
Yredelemnul
Zin
The Shining One
Beogh
Jiyva
Lugonu


Innate Abilities, Weirdness & Mutations

You are resistant to torment.
Your stone body is resilient (AC +4).
You are immune to poison.
You resist negative energy.
You are resistant to electric shocks.
You can survive without breathing.
You are immune to petrification.
You are immune to rotting.


Message History

The crimson imp shouts, "Give up, thou pottle-deep folly-fallen bloater!"
You struggle against the net.
You struggle against the net.
The hill giant hits you but does no damage.
The crimson imp blinks!
You struggle against the net.
The hill giant hits you with a giant club!!
Ouch! That really hurt!
You shred the net and break free! The hill giant closely misses you.
You sock the hill giant!
The hill giant is moderately wounded.
The hill giant hits you with a giant club!
* * * LOW HITPOINT WARNING * * *
You barely miss the hill giant.
The hill giant is moderately wounded.
Your shield and ring mail prevent you from hitting the hill giant.
The hill giant is moderately wounded.
The hill giant hits you with a giant club!!
Ouch! That really hurt!
You die...

▓.▓
▓.▓
▓5▓
▓K▓
▓F▓
▓c▓
▓C▓
▓@▓
▓.▓
▓.▓
▓.▓
▓.▓
▓)▓
▓|▓
▓.▓
▓.▓


You could see a hill giant, a giant frog, a centaur, a crimson imp and a kobold.

Vanquished Creatures
  An ice beast (D)
  2 ogres (D)
  An adder zombie (D)
  A giant gecko (D)
  2 bats (D)
  A kobold (D)
  3 rats (D)
11 creatures vanquished.

Notes
Turn   | Place    | Note
--------------------------------------------------------------
     0 | D        | Kidiri the Gargoyle Fighter began the quest for the Orb.
     0 | D        | Reached XP level 1. HP: 14/14 MP: 1/1
    15 | D        | Reached skill level 1 in Dodging
    64 | D        | Noticed an ogre
    64 | D        | Noticed an ogre
    64 | D        | Noticed an ice beast
    73 | D        | Killed an ice beast
    73 | D        | Reached skill level 4 in Fighting
    73 | D        | Reached skill level 6 in Armour
    73 | D        | Reached XP level 2. HP: 17/20 MP: 2/2
    73 | D        | Reached XP level 3. HP: 20/24 MP: 3/3
    73 | D        | Reached XP level 4. HP: 25/30 MP: 4/4
    82 | D        | Killed an ogre
    82 | D        | Reached skill level 5 in Fighting
    82 | D        | Reached skill level 7 in Armour
    82 | D        | Reached XP level 5. HP: 4/35 MP: 5/5
    90 | D        | Killed an ogre
    90 | D        | Reached skill level 5 in Maces & Flails
    90 | D        | Reached XP level 6. HP: 5/41 MP: 6/6
   375 | D        | Found a glowing silver altar of Zin.
   375 | D        | Found a glowing golden altar of the Shining One.
   375 | D        | Found an ancient bone altar of Kikubaaqudgha.
   375 | D        | Found a basalt altar of Yredelemnul.
   375 | D        | Found a shimmering altar of Xom.
   375 | D        | Found a radiant altar of Vehumet.
   376 | D        | Found an iron altar of Okawaru.
   377 | D        | Found a burning altar of Makhleb.
   378 | D        | Found a deep blue altar of Sif Muna.
   379 | D        | Found a bloodstained altar of Trog.
   380 | D        | Found a sparkling altar of Nemelex Xobeh.
   381 | D        | Found a white marble altar of Elyvilon.
   382 | D        | Found a roughly hewn altar of Beogh.
   383 | D        | Found a viscous altar of Jiyva.
   384 | D        | Became a worshipper of Warmaster Okawaru
   385 | D        | Found a corrupted altar of Lugonu.
   386 | D        | Found a blossoming altar of Fedhas.
   387 | D        | Found a snail-covered altar of Cheibriados.
   388 | D        | Found a shadowy altar of Dithmenos.
   389 | D        | Found a stormy altar of Qazlal.
   390 | D        | Found an opulent altar of Gozag.
   391 | D        | Found a sacrificial altar of Ru.
   452 | D        | Noticed a crimson imp
   452 | D        | Noticed a giant frog
   452 | D        | Noticed a centaur
   452 | D        | Noticed a hill giant
   461 | D        | Annihilated by a hill giant

Vault maps used:
D:        linesprint

Action                   |  1- 3 |  4- 6 || total
-------------------------+-------+-------++-------
Melee: Flail             |    20 |    17 ||    37
  Use: Potion            |       |     1 ||     1
